ITL
OTSEGO BULLDOGS @ AMARILLO ARCHDUKES
05/10/2027
 
TOP OF THE 1ST
Otsego Bulldogs batting - Pitching for Amarillo Archdukes : RHP Brian Hull
Pitching: RHP Brian Hull
Batting: RHB Luis Maldonado 0-0: Fly out, F1 (Line Drive, 15)
Batting: RHB Juan Pérez 0-0: Ball
1-0: Ball
2-0: SOLO HOME RUN (Flyball, 7D), Distance : 356 ft
Batting: RHB Jesús Tisnado 0-0: Ball
1-0: SOLO HOME RUN (Flyball, 7D), Distance : 345 ft
Batting: LHB Robert Moore 0-0: Called Strike
0-1: Swinging Strike
0-2: Foul Ball, location: 2F
0-2: Foul Ball, location: 2F
0-2: SOLO HOME RUN (Flyball, 89XD), Distance : 370 ft
Batting: RHB Felipe Rodríguez 0-0: Foul Ball, location: 2F
0-1: DOUBLE (Flyball, 9D)
Batting: RHB Jim Beck 0-0: Ball
1-0: Ball
2-0: SINGLE (Groundball, 6MD)
Felipe Rodríguez to third
Runner from 3rd tries for Home, SAFE, throw made home
Batting: RHB Armando Cuevas 0-0: Foul Ball, location: 2F
0-1: SINGLE (Groundball, 56D)
Jim Beck to second
Batting: RHB Jesús Ramírez 0-0: Called Strike
0-1: Ball
1-1: Foul Ball, location: 2F
1-2: Foul Ball, location: 2F
1-2: 3-RUN HOME RUN (Flyball, 9LD), Distance : 326 ft
Batting: LHB Martin Davis 0-0: Foul Ball, location: 2F
0-1: Ball
1-1: Foul Ball, location: 2F
1-2: Ground out 6-3 (Groundball, 6)
Batting: RHB Luis Maldonado 0-0: Foul Ball, location: 2F
0-1: SINGLE (Groundball, 3S) (infield hit)
Batting: RHB Juan Pérez 0-0: Called Strike
0-1: Ball
1-1: SINGLE (Line Drive, 4MD)
Luis Maldonado to second
Batting: RHB Jesús Tisnado 0-0: 3-RUN HOME RUN (Flyball, 89XD), Distance : 387 ft
Batting: LHB Robert Moore 0-0: Ball
1-0: Called Strike
1-1: Foul Ball, location: 2F
1-2: Foul Ball, location: 2F
1-2: Foul Ball, location: 2F
1-2: Ball
2-2: Ground out 4-3 (Groundball, 4)
Top of the 1st over - 10 run(s), 10 hit(s), 0 error(s), 0 left on base; Otsego 10 - Amarillo 0
BOTTOM OF THE 1ST
Amarillo Archdukes batting - Pitching for Otsego Bulldogs : LHP Júlio Gracía
Pitching: LHP Júlio Gracía
Batting: RHB Norm Francis 0-0: Called Strike
0-1: Ball
1-1: SINGLE (Line Drive, 78M)
Batting: RHB José Ruíz 0-0: Ball
1-0: Ball
2-0: Called Strike
2-1: Foul Ball, location: 2F
2-2: Strikes out looking
Batting: LHB Michael Cook 0-0: Ball
1-0: Swinging Strike
1-1: SINGLE (Groundball, 4MD)
Norm Francis to second
Runner from 2nd tries for 3rd, SAFE, no throw
Batting: SHB Douglas Taylor 0-0: Ball
1-0: Ball
2-0: Ball
3-0: Called Strike
3-1: Base on Balls
Michael Cook to second
Batting: LHB Howard Lambert 0-0: SINGLE (Flyball, 8RS)
Norm Francis scores
Michael Cook to third
Douglas Taylor to second
Batting: LHB Edwin Ryan 0-0: Foul Ball, location: 2F
0-1: Fly out, F8 (Line Drive, 8RXD)
Runner from 3rd tags up, SCORES, no throw
Douglas Taylor to third
Batting: RHB Herb Bunch 0-0: Ball
1-0: Called Strike
1-1: Called Strike
1-2: Strikes out swinging
Bottom of the 1st over - 2 run(s), 3 hit(s), 0 error(s), 2 left on base; Otsego 10 - Amarillo 2
TOP OF THE 2ND
Otsego Bulldogs batting - Pitching for Amarillo Archdukes : RHP Brian Hull
Pitching: LHP Kevin Andrews
Batting: RHB Felipe Rodríguez 0-0: Ground out 6-3 (Groundball, 6S)
Batting: RHB Jim Beck 0-0: Foul Ball, location: 2F
0-1: Ball
1-1: Foul Ball, location: 2F
1-2: Ground out 5-3 (Groundball, 56S)
Batting: RHB Armando Cuevas 0-0: Called Strike
0-1: Ball
1-1: Ball
2-1: Foul Ball, location: 2F
2-2: Strikes out swinging
Top of the 2nd over - 0 run(s), 0 hit(s), 0 error(s), 0 left on base; Otsego 10 - Amarillo 2
BOTTOM OF THE 2ND
Amarillo Archdukes batting - Pitching for Otsego Bulldogs : LHP Júlio Gracía
Batting: RHB Nobuharu Hoshino 0-0: Ball
1-0: Swinging Strike
1-1: Swinging Strike
1-2: Foul Ball, location: 2F
1-2: Strikes out looking
Batting: RHB Paul Ladd 0-0: Called Strike
0-1: Swinging Strike
0-2: Strikes out swinging
Batting: RHB Norm Francis 0-0: Ground out 3-1 (Groundball, 34)
Bottom of the 2nd over - 0 run(s), 0 hit(s), 0 error(s), 0 left on base; Otsego 10 - Amarillo 2
TOP OF THE 3RD
Otsego Bulldogs batting - Pitching for Amarillo Archdukes : LHP Kevin Andrews
Batting: RHB Jesús Ramírez 0-0: Called Strike
0-1: Ball
1-1: Ball
2-1: Ball
3-1: Called Strike
3-2: Base on Balls
Batting: LHB Martin Davis 0-0: Ball
1-0: Ball
2-0: Foul Ball, location: 2F
2-1: Ball
3-1: Swinging Strike
3-2: Foul Ball, location: 2F
3-2: Base on Balls
Jesús Ramírez to second
Batting: RHB Luis Maldonado 0-0: Called Strike
0-1: Fielders Choice at 2nd, 6-4 (Groundball, 6)
Jesús Ramírez to third
Batting: RHB Juan Pérez 0-0: Called Strike
Luis Maldonado steals 2nd base
0-1: Swinging Strike
0-2: Foul Ball, location: 2F
0-2: Ground out 6-3 (Groundball, 6)
Jesús Ramírez scores
Luis Maldonado to third
Batting: RHB Jesús Tisnado 0-0: Ball
1-0: Ball
2-0: Called Strike
2-1: Swinging Strike
2-2: Ball
3-2: Base on Balls
Batting: LHB Robert Moore 0-0: Ball
1-0: Fielders Choice at 2nd, 4-6 (Groundball, 4)
Top of the 3rd over - 1 run(s), 0 hit(s), 0 error(s), 1 left on base; Otsego 11 - Amarillo 2
BOTTOM OF THE 3RD
Amarillo Archdukes batting - Pitching for Otsego Bulldogs : LHP Júlio Gracía
Batting: RHB José Ruíz 0-0: Called Strike
0-1: Swinging Strike
0-2: Ball
1-2: Strikes out swinging
Batting: LHB Michael Cook 0-0: Foul Ball, location: 2F
0-1: Ball
1-1: Foul Ball, location: 2F
1-2: SINGLE (Groundball, 34D)
Batting: SHB Douglas Taylor 0-0: Ball
1-0: Ball
2-0: SINGLE (Groundball, 6D)
Michael Cook to second
Batting: LHB Howard Lambert 0-0: Ball
Wild Pitch!
Michael Cook to third
Douglas Taylor to second
1-0: Ball
2-0: Called Strike
2-1: Called Strike
2-2: Strikes out swinging
Batting: LHB Edwin Ryan 0-0: Called Strike
0-1: Ball
1-1: Called Strike
1-2: Fly out, F4 (Line Drive, 4)
Bottom of the 3rd over - 0 run(s), 2 hit(s), 0 error(s), 2 left on base; Otsego 11 - Amarillo 2
TOP OF THE 4TH
Otsego Bulldogs batting - Pitching for Amarillo Archdukes : LHP Kevin Andrews
Batting: RHB Felipe Rodríguez 0-0: Ball
1-0: Swinging Strike
1-1: SINGLE (Groundball, 6MD)
Batting: RHB Jim Beck 0-0: Ball
1-0: Called Strike
1-1: Grounds into double play, 6-4-3 (Groundball, 6)
Batting: RHB Armando Cuevas 0-0: Ball
1-0: Ball
2-0: Ball
3-0: SINGLE (Flyball, 9S)
Batting: RHB Jesús Ramírez 0-0: Fly out, F8 (Flyball, 8LM)
Top of the 4th over - 0 run(s), 2 hit(s), 0 error(s), 1 left on base; Otsego 11 - Amarillo 2
BOTTOM OF THE 4TH
Amarillo Archdukes batting - Pitching for Otsego Bulldogs : LHP Júlio Gracía
Batting: RHB Herb Bunch 0-0: Swinging Strike
0-1: Ball
1-1: Swinging Strike
1-2: Ball
2-2: Ball
3-2: Strikes out swinging
Batting: RHB Nobuharu Hoshino 0-0: Called Strike
0-1: Ball
1-1: Fly out, F9 (Flyball, 9S)
Batting: RHB Paul Ladd 0-0: Ball
1-0: SINGLE (Line Drive, 34D)
Batting: RHB Norm Francis 0-0: Called Strike
0-1: Foul Ball, location: 2F
0-2: Ball
1-2: Ball
2-2: Strikes out swinging
Bottom of the 4th over - 0 run(s), 1 hit(s), 0 error(s), 1 left on base; Otsego 11 - Amarillo 2
TOP OF THE 5TH
Otsego Bulldogs batting - Pitching for Amarillo Archdukes : LHP Kevin Andrews
Batting: LHB Martin Davis 0-0: Ball
1-0: Fly out, F9 (Flyball, 9D)
Batting: RHB Luis Maldonado 0-0: Called Strike
0-1: Ball
1-1: Ball
2-1: Called Strike
2-2: Foul Ball, location: 2F
2-2: Foul Ball, location: 2F
2-2: Fly out, F8 (Line Drive, 8RM)
Batting: RHB Juan Pérez 0-0: Foul Ball, location: 2F
0-1: Ball
1-1: Fly out, F9 (Flyball, 9S)
Top of the 5th over - 0 run(s), 0 hit(s), 0 error(s), 0 left on base; Otsego 11 - Amarillo 2
BOTTOM OF THE 5TH
Amarillo Archdukes batting - Pitching for Otsego Bulldogs : LHP Júlio Gracía
Batting: RHB José Ruíz 0-0: Foul Ball, location: 2F
0-1: Swinging Strike
0-2: Strikes out looking
Batting: LHB Michael Cook 0-0: Ball
1-0: Ball
2-0: Ground out 4-3 (Groundball, 4)
Batting: SHB Douglas Taylor 0-0: Called Strike
0-1: Called Strike
0-2: Foul Ball, location: 2F
0-2: Ball
1-2: Foul Ball, location: 2F
1-2: Ground out 6-3 (Groundball, 6)
Bottom of the 5th over - 0 run(s), 0 hit(s), 0 error(s), 0 left on base; Otsego 11 - Amarillo 2
TOP OF THE 6TH
Otsego Bulldogs batting - Pitching for Amarillo Archdukes : LHP Kevin Andrews
Batting: RHB Jesús Tisnado 0-0: Ball
1-0: Ball
2-0: Called Strike
2-1: Foul Ball, location: 2F
2-2: Ball
3-2: Base on Balls
Pitching: LHP Glenn Dunn
Batting: LHB Robert Moore 0-0: Called Strike
0-1: Ball
1-1: Foul Ball, location: 2F
1-2: Strikes out swinging
Batting: RHB Felipe Rodríguez 0-0: Called Strike
0-1: Grounds into double play, 4-6-3 (Groundball, 4)
Top of the 6th over - 0 run(s), 0 hit(s), 0 error(s), 0 left on base; Otsego 11 - Amarillo 2
BOTTOM OF THE 6TH
Amarillo Archdukes batting - Pitching for Otsego Bulldogs : LHP Júlio Gracía
Batting: LHB Howard Lambert 0-0: Ball
1-0: SINGLE (Groundball, 34D)
Batting: LHB Edwin Ryan 0-0: DOUBLE (Line Drive, 9LM)
Howard Lambert to third
Pitching: LHP Félix García
Batting: RHB Herb Bunch 0-0: Called Strike
0-1: Called Strike
0-2: Ball
1-2: Ball
2-2: Ground out 4-3 (Groundball, 4)
Howard Lambert scores
Edwin Ryan to third
Batting: RHB Nobuharu Hoshino 0-0: SINGLE (Groundball, 56D)
Edwin Ryan scores
Batting: RHB Paul Ladd 0-0: Ball
1-0: Ball
2-0: Ball
3-0: Base on Balls
Nobuharu Hoshino to second
Batting: RHB Norm Francis 0-0: Ball
1-0: Swinging Strike
1-1: Ball
2-1: Foul Ball, location: 2F
2-2: Grounds into double play, 6-4-3 (Groundball, 6)
Bottom of the 6th over - 2 run(s), 3 hit(s), 0 error(s), 1 left on base; Otsego 11 - Amarillo 4
TOP OF THE 7TH
Otsego Bulldogs batting - Pitching for Amarillo Archdukes : LHP Glenn Dunn
Batting: RHB Jim Beck 0-0: Ball
1-0: Fly out, F8 (Flyball, 8RM)
Batting: RHB Armando Cuevas 0-0: Ball
1-0: Swinging Strike
1-1: SINGLE (Line Drive, 56D)
Batting: RHB Jesús Ramírez 0-0: Called Strike
0-1: Called Strike
0-2: Strikes out looking
Batting: LHB Martin Davis 0-0: Called Strike
0-1: Ball
1-1: Called Strike
1-2: Strikes out looking
Top of the 7th over - 0 run(s), 1 hit(s), 0 error(s), 1 left on base; Otsego 11 - Amarillo 4
BOTTOM OF THE 7TH
Amarillo Archdukes batting - Pitching for Otsego Bulldogs : LHP Félix García
Batting: RHB José Ruíz 0-0: Ball
1-0: Called Strike
1-1: Foul Ball, location: 2F
1-2: Ground out 4-3 (Groundball, 4)
Batting: LHB Michael Cook 0-0: Called Strike
0-1: Foul Ball, location: 2F
0-2: Ball
1-2: Fly out, F6 (Popup, 6S)
Batting: SHB Douglas Taylor 0-0: Ball
1-0: Ball
2-0: Ball
3-0: Base on Balls
Batting: LHB Howard Lambert 0-0: Called Strike
0-1: Ball
1-1: SINGLE (Line Drive, 6D)
Douglas Taylor to second
Batting: LHB Edwin Ryan 0-0: Ball
1-0: Ball
2-0: Ball
3-0: Base on Balls
Douglas Taylor to third
Howard Lambert to second
Batting: RHB Herb Bunch 0-0: GRAND SLAM HOME RUN (Flyball, 78XD), Distance : 386 ft
Batting: RHB Nobuharu Hoshino 0-0: Called Strike
0-1: Ball
1-1: Foul Ball, location: 2F
1-2: Ball
2-2: Strikes out swinging
Bottom of the 7th over - 4 run(s), 2 hit(s), 0 error(s), 0 left on base; Otsego 11 - Amarillo 8
TOP OF THE 8TH
Otsego Bulldogs batting - Pitching for Amarillo Archdukes : LHP Glenn Dunn
Batting: RHB Luis Maldonado 0-0: Ball
1-0: SINGLE (Groundball, 2R) (infield hit)
Batting: RHB Juan Pérez Pickoff Throw to First - Error! E1
Luis Maldonado to second
0-0: Swinging Strike
0-1: Ball
1-1: Foul Ball, location: 2F
1-2: Strikes out swinging
Batting: RHB Jesús Tisnado 0-0: Intentional Walk
Batting: LHB Robert Moore 0-0: Foul Ball, location: 2F
0-1: Ball
1-1: Foul Ball, location: 2F
1-2: TRIPLE (Flyball, 89XD)
Luis Maldonado scores
Jesús Tisnado scores
Batting: RHB Felipe Rodríguez 0-0: Called Strike
0-1: Ball
1-1: Ball
2-1: Ball
3-1: Base on Balls
Batting: RHB Jim Beck 0-0: Ball
1-0: SINGLE (Line Drive, 8LS)
Robert Moore scores
Felipe Rodríguez to second
Batting: RHB Armando Cuevas 0-0: Foul Ball, location: 2F
0-1: Ball
1-1: Fly out, F8 (Flyball, 8RXD)
Runner from 2nd tags up, SAFE at 3rd, no throw
Batting: RHB Jesús Ramírez 0-0: Ball
1-0: Called Strike
1-1: Swinging Strike
1-2: Ball
2-2: Ball
3-2: Foul Ball, location: 2F
3-2: Ground out 4-3 (Groundball, 4)
Top of the 8th over - 3 run(s), 3 hit(s), 1 error(s), 2 left on base; Otsego 14 - Amarillo 8
BOTTOM OF THE 8TH
Amarillo Archdukes batting - Pitching for Otsego Bulldogs : LHP Félix García
Pitching: RHP Dave Johnston
Batting: RHB Paul Ladd 0-0: DOUBLE (Line Drive, 89D)
Batting: RHB Norm Francis 0-0: Called Strike
0-1: Swinging Strike
0-2: Ball
1-2: Ball
2-2: Ball
3-2: SINGLE (Line Drive, 78M)
Paul Ladd to third
Batting: RHB José Ruíz 0-0: Foul Ball, location: 2F
0-1: Ball
1-1: SINGLE (Groundball, 56S) (infield hit)
Paul Ladd scores
Norm Francis to second
Batting: LHB Michael Cook 0-0: Ball
1-0: Ball
2-0: Ball
3-0: Base on Balls
Norm Francis to third
José Ruíz to second
Pitching: RHP Dave Smith
Batting: SHB Douglas Taylor 0-0: Called Strike
0-1: Foul Ball, location: 2F
0-2: Ball
1-2: Fielders Choice at 2nd, 3-6 (Groundball, 3)
Norm Francis scores
José Ruíz to third
Batting: LHB Howard Lambert 0-0: Swinging Strike
0-1: Foul Ball, location: 2F
0-2: Ball
1-2: Foul Ball, location: 2F
1-2: Foul Ball, location: 2F
1-2: Ball
2-2: Fielders Choice at 2nd, 4-6 (Groundball, 34)
José Ruíz scores
Batting: LHB Edwin Ryan 0-0: Ball
1-0: Called Strike
1-1: Ball
2-1: Called Strike
2-2: Foul Ball, location: 2F
2-2: Foul Ball, location: 2F
2-2: Strikes out swinging
Bottom of the 8th over - 3 run(s), 3 hit(s), 0 error(s), 1 left on base; Otsego 14 - Amarillo 11
TOP OF THE 9TH
Otsego Bulldogs batting - Pitching for Amarillo Archdukes : LHP Glenn Dunn
Pitching: RHP Dalton Ray
Batting: LHB Martin Davis 0-0: Swinging Strike
0-1: Swinging Strike
0-2: Strikes out swinging
Batting: RHB Luis Maldonado 0-0: Ball
1-0: Called Strike
1-1: Ball
2-1: Foul Ball, location: 2F
2-2: Ground out 6-3 (Groundball, 6)
Batting: RHB Juan Pérez 0-0: Called Strike
0-1: Swinging Strike
0-2: Ball
1-2: Ball
2-2: Ball
3-2: Strikes out swinging
Top of the 9th over - 0 run(s), 0 hit(s), 0 error(s), 0 left on base; Otsego 14 - Amarillo 11
BOTTOM OF THE 9TH
Amarillo Archdukes batting - Pitching for Otsego Bulldogs : RHP Dave Smith
Pitching: RHP Kenshin Kubota
Batting: RHB Herb Bunch 0-0: Called Strike
0-1: Ball
1-1: SINGLE (Flyball, 8RS)
Batting: RHB Nobuharu Hoshino 0-0: Ball
1-0: Foul Ball, location: 2F
1-1: Ball
2-1: DOUBLE (Line Drive, 7LM)
Herb Bunch to third
Runner from 3rd tries for Home, SAFE, throw made at trailing runner, SAFE at third!
Batting: RHB Paul Ladd 0-0: Ball
1-0: Ball
2-0: Ground out 6-3 (Groundball, 6)
Nobuharu Hoshino scores
Pitching: RHP Ricardo Trujillo
Batting: RHB Norm Francis 0-0: Called Strike
0-1: Ball
1-1: Foul Ball, location: 2F
1-2: Foul Ball, location: 2F
1-2: Strikes out looking
Batting: RHB José Ruíz 0-0: Called Strike
0-1: Foul Ball, location: 2F
0-2: Ball
1-2: Foul Ball, location: 2F
1-2: Ball
2-2: SINGLE (Line Drive, 78S)
Batting: LHB Michael Cook 0-0: Swinging Strike
0-1: Foul Ball, location: 2F
0-2: Foul Ball, location: 2F
0-2: Foul Ball, location: 2F
0-2: 2-RUN HOME RUN (Flyball, 9LD), Distance : 330 ft
Thursday, March 30th, 2017 - OOTP Baseball 17.12 Build 75